 Dungeon Crawl Stone Soup version 0.15-a0-734-g2b8d6ef (webtiles) character file.

49 Infinimo the Ruinous (level 3, 0/24 HPs)
             Began as a Mummy Conjurer on May 11, 2014.
             Slain by an adder (3 damage)
             ... on Level 2 of the Dungeon.
             The game lasted 00:03:01 (2196 turns).

Infinimo the Ruinous (Mummy Conjurer)               Turns: 2196, Time: 00:03:01

HP   0/24        AC  2     Str 11      XL: 3   Next: 51%
MP   0/6         EV 12     Int 15      God:
Gold 79          SH  0     Dex 12      Spells:  1 memorised,  5 levels left

rFire  x . .     SeeInvis .     g - +0 whip
rCold  + . .     Clarity  .     a - +0 robe
rNeg   + + +     Conserve .     (no shield)
rPois  +         rCorr    .     (no helmet)
rElec  .         rRot     +     (no cloak)
SustAb . .       Spirit   .     (no gloves)
rMut   .         Warding  .     (no boots)
Gourm  .         Stasis   .     (no amulet)
MR     .....                    (no ring)
                                (no ring)

@: not resistant to hostile enchantments, unstealthy
A: no food or potions, fire vulnerability, restore body, cold resistance 1, life
protection 3, poison resistance, torment resistance, unbreathing
a: no special abilities


You were on level 2 of the Dungeon.
You were not hungry.

You visited 1 branch of the dungeon, and saw 2 of its levels.

You collected 79 gold pieces.

Inventory:

Hand weapons
 g - a +0,+0 whip (weapon)
Armour
 a - a +0 robe (worn)
Scrolls
 d - 2 scrolls of remove curse
Books
 c - a book of Conjurations

   Spells                             Type                      Level
   *Magic Dart                        Conjuration                  1
   Searing Ray                        Conjuration                  2
   Dazzling Spray                     Conjuration/Hexes            3
   Fulminant Prism                    Conjuration/Hexes            4
   Iskenderun's Mystic Blast          Conjuration                  4
   Iskenderun's Battlesphere          Conjuration/Charms           5


   Skills:
 - Level 1.5 Dodging
 - Level 1.5 Stealth
 - Level 2.0 Spellcasting
 * Level 4.4 Conjurations


You had 5 spell levels left.
You knew the following spells:

 Your Spells              Type           Power        Failure   Level  Hunger
a - Magic Dart            Conj           ##..         4%          1    N/A

Dungeon Overview and Level Annotations

Branches:
Dungeon (2/15)

Altars:
Kikubaaqudgha


Innate Abilities, Weirdness & Mutations

You do not eat or drink.
Your flesh is vulnerable to fire.
Your flesh is cold resistant.
You are immune to negative energy.
Your system is resistant to poisons.
You are immune to unholy pain and torment.
You can survive without breathing.


Message History

Confirm with . or Enter, or press ? or * to list all spells.
Aiming: Magic Dart
Press: ? - help, Shift-Dir - straight line, f/p - adder
Aim: an adder (severely wounded)
The magic dart hits the adder.
The adder is severely wounded.
The adder bites you.
* * * LOW HITPOINT WARNING * * *
You can't drink.
You can't eat.
Read which item? (? for menu, Esc to quit)
As you read the scroll labeled BLOGUL THUAPH, it crumbles to dust.
You hear a loud clanging noise!
It was a scroll of noise.
The adder bites you.
* * * LOW HITPOINT WARNING * * *
Read which item? (? for menu, Esc to quit)
As you read the scroll labeled GITHOGAISE, it crumbles to dust.
You feel aware of your surroundings.
You sensed 1 altar.
It was a scroll of magic mapping.
The adder bites you.
You die...

#.# #..........#..#####. #.#
#.....###.##.######. ###.#
#.....# #.##.###Z### #...#
####### #...K.##### #%###
####r##...# #.# #.##._.#
#.######### #.##...##
#.........##########.....(..
#########..@SrrK............
#>#.#########..##.#. #...#
#..#.... ##### #..#).#.
#....... #....... ###.....
*.###. *,* *,


You could see an adder, a kobold and 2 rats.

Vanquished Creatures
  An adder (D:2)
  An ooze (D:1)
  9 bats
  3 goblins (D:1)
  8 hobgoblins
  8 kobolds
  A ball python (D:1)
  3 giant cockroaches (D:1)
  A giant gecko (D:1)
  2 giant newts (D:1)
  2 rats (D:1)
39 creatures vanquished.

Vanquished Creatures (others)
  A human (D:2)
1 creature vanquished.

Grand Total: 40 creatures vanquished

Notes
Turn   | Place    | Note
--------------------------------------------------------------
     0 | D:1      | Infinimo, the Mummy Conjurer, began the quest for the Orb.
     0 | D:1      | Reached XP level 1. HP: 13/13 MP: 3/3
   194 | D:1      | Reached XP level 2. HP: 19/19 MP: 1/4
   779 | D:1      | Reached skill level 4 in Conjurations
  1072 | D:1      | Reached XP level 3. HP: 24/24 MP: 3/6
  2063 | D:2      | Found an ancient bone altar of Kikubaaqudgha.
  2067 | D:2      | Noticed a human
  2068 | D:2      | Killed a human
  2196 | D:2      | Slain by an adder

Action                   || total
-------------------------++-------
Melee: Unarmed           ||    10
       Dagger            ||     9
       Whip              ||     4
 Cast: Magic Dart        ||   107
  Use: Scroll            ||     5
 Stab: Sleeping          ||     1
